Map: 2000 Atmospheres LE

Players

Erik - Winner!

  • Race: Zerg Zerg
  • League: Master

JimRising

  • Race: Zerg Zerg
  • League: Grandmaster

Event: DreamHack SC2 Masters 2021 Summer

VOD

Have the link to the VOD?

Description

Time

  • Played on: May 22, 2021, 4:25 p.m.
  • Length: 9:07

All games in this series

Show
View Real Time Build Order
Export as new Build Order

Erik Zerg - Winner!

Build Orders: Hatch First 

Get SALT Encoding   

  12  0:00  Drone  
  13  0:07  Drone  
  14  0:14  Extractor  
  14  0:15  Drone  
  15  0:36  Hatchery  
  15  0:42  Extractor  
  13  0:43  Drone  
  13  0:48  Overlord  
  15  1:02  Spawning Pool  
  14  1:06  Drone  
  14  1:09  Drone  
  16  1:13  Drone  
  16  1:18  Drone  
  18  1:28  Drone  
  19  1:39  Drone  
  20  1:49  Queen x2  
  20  1:50  Zergling x2  
  20  1:52  Extractor, Drone  
  25  1:59  Overlord  
  26  2:01  Drone  
  26  2:10  Drone  
  26  2:11  Drone  
  28  2:22  Drone x2  
  30  2:31  Extractor  
  30  2:32  Drone  
  30  2:37  Drone  
  30  2:42  Roach Warren  
  30  2:43  Overlord  
  30  2:45  Overlord  
  30  2:53  Drone  
  30  2:54  Drone  
  30  2:58  Drone x4  
  36  3:01  Metabolic Boost  
  36  3:03  Drone x2  
  38  3:09  Overlord  
  37  3:21  Roach x3  
  43  3:30  Roach x4  
  43  3:32  Zergling x2  
  43  3:33  Zergling x2  
  53  3:35  Zergling x2  
  53  3:41  Zergling x2  
  55  3:47  Zergling x2  
  56  3:49  Evolution Chamber  
  56  3:51  Zergling x2  
  56  3:57  Zergling x2  
  56  4:00  Zergling x6  
  56  4:02  Overlord  
  60  4:04  Lair  
  60  4:07  Overlord  
  60  4:08  Extractor  
  59  4:14  Zerg Missile Weapons Level 1  
  59  4:22  Drone x5  
  64  4:28  Drone  
  56  4:39  Drone x6  
  62  4:46  Extractor  
  62  4:51  Roach x2  
  64  4:54  Pneumatized Carapace  
  64  4:58  Roach x2  
  68  5:03  Overlord  
  68  5:04  Glial Reconstitution  
  68  5:05  Overseer  
  68  5:09  Roach  
  68  5:11  Spine Crawler  
  69  5:16  Roach  
  69  5:17  Roach x2  
  75  5:23  Roach  
  75  5:24  Roach x3  
  82  5:34  Roach  
  84  5:43  Overlord  
  84  5:46  Overlord  
  84  5:47  Overlord  
  84  5:48  Hatchery  
  84  6:03  Roach x4  
  92  6:05  Overlord x2  
  92  6:12  Drone x2  
  92  6:14  Zerg Missile Weapons Level 2  
  94  6:25  Roach x4  
  102  6:32  Roach x2  
  106  6:40  Roach  
  106  6:41  Roach x3  
  112  6:52  Roach x4  
  120  7:05  Roach x3  
  114  7:12  Roach x4  
  102  7:17  Roach  
  102  7:18  Roach  
  94  7:23  Roach x3  
  94  7:30  Roach x2  
  96  7:40  Roach x3  
  94  7:49  Roach x6  
  102  7:56  Roach x3  
  82  8:06  Roach x3  
  82  8:07  Roach  
  84  8:18  Roach  
  84  8:19  Roach x3  
  86  8:26  Roach x3  
  82  8:34  Roach x2  
  78  8:40  Roach  
  78  8:41  Roach  
Show
View Real Time Build Order
Export as new Build Order

JimRising Zerg 

Build Orders: Hatch First 

Get SALT Encoding   

  12  0:00  Drone  
  13  0:12  Overlord  
  13  0:18  Drone  
  14  0:30  Drone  
  14  0:31  Drone  
  16  0:49  Hatchery  
  15  0:51  Drone  
  15  0:54  Drone  
  17  1:10  Spawning Pool  
  16  1:12  Drone  
  16  1:14  Drone  
  16  1:18  Drone  
  19  1:28  Extractor  
  19  1:29  Overlord  
  18  1:38  Drone  
  19  1:55  Drone  
  19  1:59  Queen  
  19  2:00  Queen  
  24  2:02  Drone x2  
  26  2:12  Drone x2  
  28  2:22  Zergling x2  
  29  2:24  Drone  
  30  2:32  Overlord  
  30  2:34  Drone  
  30  2:35  Queen  
  33  2:45  Overlord  
  33  2:48  Drone  
  34  2:56  Drone x2  
  36  3:10  Drone x8  
  44  3:16  Lair, Evolution Chamber  
  44  3:17  Roach Warren  
  42  3:21  Drone  
  42  3:24  Drone  
  42  3:25  Evolution Chamber  
  43  3:33  Drone  
  44  3:35  Extractor  
  44  3:36  Overlord  
  44  3:37  Extractor  
  42  3:42  Drone x3  
  42  3:43  Drone  
  42  3:45  Drone  
  46  3:51  Spine Crawler  
  46  3:52  Overlord  
  45  3:56  Spine Crawler  
  45  3:58  Roach  
  45  4:00  Roach  
  48  4:04  Evolution Chamber  
  48  4:05  Roach  
  48  4:08  Roach  
  51  4:11  Roach  
  51  4:13  Roach  
  57  4:17  Roach  
  57  4:18  Roach  
  57  4:20  Roach  
  61  4:27  Roach  
  61  4:28  Evolution Chamber  
  61  4:29  Zerg Missile Weapons Level 1  
  62  4:31  Roach x2  
  62  4:36  Roach  
  62  4:37  Overlord  
  68  4:46  Overlord  
  68  4:50  Glial Reconstitution  
  69  5:05  Drone x6  
  75  5:08  Drone  
  75  5:09  Hatchery  
  75  5:18  Overlord  
  75  5:19  Zerg Ground Armor Level 1  
  75  5:23  Extractor, Drone  
  75  5:32  Drone x3  
  75  5:33  Overlord x2  
  78  5:38  Roach x2  
  78  5:40  Overlord  
  82  5:46  Roach x2  
  86  5:52  Roach x3  
  92  6:01  Roach x2  
  96  6:05  Roach  
  96  6:06  Roach x2  
  104  6:11  Roach x2  
  104  6:14  Roach  
  104  6:15  Overlord  
  108  6:19  Roach  
  108  6:21  Roach  
  112  6:26  Roach x2  
  112  6:31  Roach  
  114  6:41  Roach  
  114  6:42  Roach  
  114  6:43  Roach x4  
  122  6:48  Roach x2  
  122  6:52  Roach x2  
  130  7:00  Roach  
  130  7:05  Roach x2  
  130  7:06  Roach x2  
  130  7:08  Roach  
  118  7:10  Roach  
  118  7:15  Roach x2  
  108  7:20  Roach x2  
  102  7:24  Roach x2  
  92  7:31  Roach x3  
  97  7:37  Roach x2  
  97  7:41  Roach  
  87  7:44  Roach  
  87  7:47  Roach  
  82  7:56  Roach  
  82  7:57  Roach  
  78  8:01  Roach  
  70  8:07  Roach  
  66  8:14  Roach  
  60  8:23  Roach  
  53  8:31  Roach  
  51  8:41  Roach  
  51  8:47  Roach  
Tags
 
Add a new tag
Caveats
  • Supply blocks, unpowered buildings, or Contaminate may cause inaccurate times.
  • Supply counts are checked every 10 seconds.